 Dungeon Crawl Stone Soup version 0.29-a0-993-g4a18f31a58 (webtiles) character file.

Game seed: 2993468344805810179

20095 Sobieck the Slicer (level 12, -3/67 HPs)
             Began as a Vine Stalker Brigand on Aug 2, 2022.
             Was the Champion of Cheibriados.
             Slain by a wraith (8 damage)
             ... on level 12 of the Dungeon.
             The game lasted 00:28:32 (9326 turns).

Sobieck the Slicer (Vine Stalker Brigand)           Turns: 9326, Time: 00:28:33

Health: -3/67      AC: 21    Str: 37    XL:     12   Next: 75%
Magic:  0/16       EV: 16    Int: 26    God:    Cheibriados [******]
Gold:   1583       SH:  0    Dex: 30    Spells: 9/11 levels left

rFire   + + .      SeeInvis .   a - +4 rapier (vamp) {short}
rCold   . . .      Faith    .   (no shield)
rNeg    + . .      Spirit   +   m - +0 plate armour
rPois   .          Reflect  .   z - +2 helmet
rElec   +          Harm     .   c - +1 cloak
rCorr   .          Rampage  .   f - +2 pair of gloves of Ceucot {rElec rF++ rN+ Dex-4}
Will    +....                   O - +2 pair of boots
Stlth   +.........              (no amulet)
HPRegen 1.01/turn               R - +6 ring of strength
MPRegen 0.15/turn               E - +4 ring of evasion

@: wereblooded, slowed, studying Armour, very slow
A: fangs 3, regeneration 1, magic shield, antimagic bite, no potion heal 2
a: Renounce Religion, Bend Time, Temporal Distortion, Slouch, Step From Time


You were on level 12 of the Dungeon.
You worshipped Cheibriados.
Cheibriados was exalted by your worship.
You visited 1 branch of the dungeon, and saw 12 of its levels.
You visited the Abyss 1 time.

You collected 1673 gold pieces.
You spent 90 gold pieces at shops.


Innate Abilities, Weirdness & Mutations

You have razor-sharp teeth.
Your natural rate of healing is unusually fast.
When hurt, damage is shared between your health and your magic reserves.
Your bite disrupts and absorbs the magic of your enemies.
Potions cannot restore your health.


   Skills:
 - Level 10.0 Fighting
 + Level 12.1 Short Blades
 - Level 1.7 Throwing
 - Level 5.0 Dodging
 + Level 11.7 Stealth
 - Level 5.0 Transmutations
 - Level 5.0 Invocations


You had 9 spell levels left.
You knew the following spells:

 Your Spells              Type           Power      Damage    Failure   Level
a - Wereblood             Tmut           26%        N/A       21%         2

Your spell library contained the following spells:

 Spells                   Type           Power      Damage    Failure   Level
 Beastly Appendage        Tmut           52%        N/A       13%         1
 Magic Dart               Conj           0%         1d3       71%         1
 Spider Form              Tmut/Pois      13%        N/A       73%         3
 Searing Ray              Conj           0%         2d4       83%         2
 Confusing Touch          Hex            0%         N/A       97%         3
 Dazzling Flash           Conj/Hex       0%         N/A       97%         3
 Petrify                  Tmut/Erth      13%        N/A       98%         4
 Fulminant Prism          Conj/Hex       0%         3d6       100%        4
 Iskenderun's Mystic Bla  Conj/Tloc      0%         2d3       100%        4
 Metabolic Englaciation   Hex/Ice        0%         N/A       100%        5
 Yara's Violent Unravell  Hex/Tmut       6%         3d5       100%        5
 Starburst                Conj/Fire      0%         6d3       100%        6
 Statue Form              Tmut/Erth      8%         N/A       100%        6
 Enfeeble                 Hex            0%         N/A       100%        7

Inventory:

Hand Weapons
 a - a +4 vampiric rapier (weapon) {short}
   (You found it on level 2 of the Dungeon)
 b - a +0 sling
   (You found it on level 1 of the Dungeon)
 t - a +0 whip of electrocution {mace}
   (You took it off a gnoll on level 6 of the Dungeon)
 v - the +7 falchion of Plog {venom, rElec rF+, long}
   (You found it on level 9 of the Dungeon)

   It poisons the flesh of those it strikes.
   rF:        It protects you from fire.
   rElec:     It insulates you from electricity.
 J - a +3 demon trident of electrocution {polearm}
   (You took it off a red devil on level 11 of the Dungeon)
 T - a +2 dagger of draining {short}
   (You found it on level 4 of the Dungeon)
 Y - a +2 great sword {long}
   (You took it off a wight on level 6 of the Dungeon)
 Z - the +6 hand axe "Grim" {elec, rElec, axe}
   (You found it on level 5 of the Dungeon)

   It occasionally discharges a powerful burst of electricity upon striking a
   foe.
   rElec:     It insulates you from electricity.
Missiles
 d - 38 poisoned darts (quivered) {throwing}
 e - 8 curare-tipped darts {=fthrowing}
 g - 143 stones {throwing}
 i - 9 javelins {throwing}
 k - a throwing net {=f!fthrowing}
 p - 12 boomerangs {throwing}
 y - 3 silver boomerangs {throwing}
Armour
 c - a +1 cloak (worn)
 f - the +2 pair of gloves of Ceucot (worn) {rElec rF++ rN+ Dex-4}
   (You acquired it on level 5 of the Dungeon)

   Dex:       It affects your dexterity (-4).
   rF:        It greatly protects you from fire.
   rElec:     It insulates you from electricity.
   rN:        It protects you from negative energy.
 m - a +0 plate armour (worn)
   (You found it on level 2 of the Dungeon)
 z - a +2 helmet (worn)
   (You found it on level 2 of the Dungeon)
 A - a +1 pair of boots
   (You found it on level 7 of the Dungeon)
 O - a +2 pair of boots (worn)
   (You found it on level 11 of the Dungeon)
 U - a +0 chain mail
   (You found it on level 6 of the Dungeon)
 V - a +0 leather armour
   (You took it off an orc on level 5 of the Dungeon)
 W - a +0 robe
   (You took it off an orc wizard on level 5 of the Dungeon)
 X - a +0 leather armour
   (You took it off an orc on level 5 of the Dungeon)
Jewellery
 E - a +4 ring of evasion (right hand)
   (You found it on level 8 of the Dungeon)
 M - a ring of willpower
   (You took it off an orc priest on level 10 of the Dungeon)
 N - a +6 ring of intelligence
   (You found it on level 10 of the Dungeon)
 R - a +6 ring of strength (left hand)
   (You found it on level 4 of the Dungeon)
Wands
 h - a wand of acid (2)
   (You found it on level 6 of the Dungeon)
 r - a wand of charming (3)
   (You found it on level 9 of the Dungeon)
 F - a wand of flame (5)
   (You found it on level 9 of the Dungeon)
 H - a wand of mindburst (19)
   (You found it on level 7 of the Dungeon)
Scrolls
 q - 2 scrolls of magic mapping {!r}
 w - a scroll of immolation {!r!r}
 x - a scroll of silence {!r}
 I - a scroll of identify {@r1}
 L - a scroll of fog
 Q - 6 scrolls of teleportation {@r4}
Potions
 j - 3 potions of ambrosia
 l - a potion of flight
 s - 4 potions of curing {@q1}
 u - 4 potions of heal wounds {@q2}
 B - 2 potions of mutation {!q}
 C - a potion of attraction {!q}
 D - 2 potions of brilliance
 G - 2 potions of lignification {!q}
 K - 2 potions of cancellation
 S - 5 potions of degeneration {!q@e2}
Miscellaneous
 o - a box of beasts
   (You found it on level 11 of the Dungeon)
 P - a condenser vane
   (You found it on level 10 of the Dungeon)

Dungeon Overview and Level Annotations

Branches:
Dungeon (12/15) Zot: 40375  Temple (0/1) D:6            Lair (0/5) D:11
    Orc (0/2) D:10

Altars:
Cheibriados
Hepliaklqana
Trog
Vehumet
Zin

Annotations:
D:5 3 runed translucent doors, Yogidamonk's ghost, novice MiHu; dang3rdave's ghost, novice GrTm
D:6 1 runed translucent door, Hubjo's ghost, novice DsTm
D:7 1 runed translucent door, Crazy Yiuf

............#
............###
..........#<..## .
.........##....#...#
.........###......#
###H....H..####..#
#..........# ##
####...W..#...#
.......@W####..#
.......W## ..>.
.......># #...<
......... #.....
........#. .....
.........## ....#
......... #........
###......>


You could see 2 manticores, 2 wraiths and a shadow.


Message History

The wraith drains your vigour!
You feel as though you will be slow longer.
You hit the wraith but do no damage. Your bite misses the wraith.
The manticore bites you but does no damage.
The manticore claws you.
* * * LOW HITPOINT WARNING * * *
The manticore closely misses you. The wraith closely misses you.
The wraith hits you but does no damage. The manticore closely misses you. x2
The manticore claws you but does no damage.
The wraith closely misses you.
You completely miss the wraith. Your bite misses the wraith.
The manticore closely misses you. x2; The manticore barely misses you.
The wraith closely misses you. The wraith hits you!
* * * LOW HITPOINT WARNING * * *
The wraith drains your vigour!
You feel as though you will be slow longer.
A shadow comes into view.
The wraith hits you but does no damage. The manticore misses you. x2
The manticore claws you but does no damage.
You hit the wraith but do no damage. You bite the wraith! You drain its power.
You feel invigorated. The manticore barely misses you.
The manticore claws you but does no damage.
The manticore claws you.
* * * LOW HITPOINT WARNING * * *
The manticore closely misses you.
The manticore claws you but does no damage. x2
The wraith completely misses you. The wraith hits you but does no damage.
The wraith misses you.
You closely miss the wraith. You bite the wraith, but do no damage.
Unknown command.
You closely miss the wraith. Your bite misses the wraith.
You howl as the wereblood boils in your veins!
The wraith misses you. The manticore closely misses you.
The manticore claws you but does no damage.
The manticore closely misses you.
The wraith hits you but does no damage. x2
The manticore bites you but does no damage.
The manticore closely misses you. The manticore barely misses you.
Unknown command.
You puncture the wraith!
You feel a bit better.
You destroy the wraith!
Cheibriados appreciates the change of pace.
The manticore barely misses you. The manticore claws you.
* * * LOW HITPOINT WARNING * * *
The manticore claws you but does no damage.
The manticore bites you but does no damage.
The manticore misses you. The manticore claws you!
* * * LOW HITPOINT WARNING * * *
The wraith barely misses you.
You barely miss the manticore. You bite the manticore! You drain its power.
You feel invigorated. The manticore bites you!
* * * LOW HITPOINT WARNING * * *
The manticore misses you. x2; The wraith barely misses you.
The manticore bites you.
* * * LOW HITPOINT WARNING * * *
The manticore misses you.
The manticore claws you but does no damage.
The wraith hits you but does no damage. The shadow barely misses you.
Unknown command.
You puncture the manticore!
You feel better.
The manticore bites you but does no damage.
The manticore claws you.
* * * LOW HITPOINT WARNING * * *
The manticore claws you but does no damage.
The shadow closely misses you.
The manticore bites you but does no damage.
The manticore closely misses you.
The manticore claws you but does no damage.
The wraith hits you!
* * * LOW HITPOINT WARNING * * *
The wraith closely misses you.
A troll comes into view.
The troll shouts!
You hit the manticore but do no damage. The manticore bites you.
* * * LOW HITPOINT WARNING * * *
The manticore completely misses you.
The manticore claws you but does no damage.
The wraith closely misses you.
The manticore bites you but does no damage.
The manticore claws you.
* * * LOW HITPOINT WARNING * * *
The manticore claws you.
* * * LOW HITPOINT WARNING * * *
The shadow misses you. The wraith hits you but does no damage.
Unknown command.
Okay, then.
Unknown command.
As you read the scroll of fear, it crumbles to dust.
You assume a fearsome visage.
The shadow is unaffected.
The wraith is unaffected.
The manticore looks frightened!
The wraith is unaffected.
The manticore looks frightened!
The troll looks frightened!
The wraith closely misses you. The shadow barely misses you.
The wraith hits you but does no damage.
Unknown command.
You barely miss the wraith. You bite the wraith, but do no damage.
The wraith hits you but does no damage. x2; The shadow barely misses you.
You closely miss the wraith. The wraith hits you!
You die...

Skill      XL: |  1  2  3  4  5  6  7  8  9 10 11 12 |
---------------+-------------------------------------+-----
Short Blades   | 2 3 4 5 6 8 10 11 12 | 12.1
Dodging        | 1 2 3 4 5 |  5.0
Stealth        | 5 6 9 11 | 11.7
Fighting       | 2 3 4 6 8 9 10 | 10.0
Invocations    | 1 2 3 4 5 |  5.0
Transmutations | 4 5 |  5.0
Throwing       | |  1.7

Action                   |  1- 3 |  4- 6 |  7- 9 | 10-12 || total
-------------------------+-------+-------+-------+-------++-------
Melee: Dagger            |    62 |   137 |    51 |       ||   250
       Bite              |    11 |    43 |   119 |   277 ||   450
       Punch             |       |       |     4 |     8 ||    12
       Rapier            |       |       |   266 |   625 ||   891
       Falchion          |       |       |       |     1 ||     1
 Fire: Sling             |    56 |    50 |     8 |       ||   114
Throw: Dart              |       |       |       |    10 ||    10
 Cast: Wereblood         |       |       |       |     2 ||     2
Invok: Temporal Distorti |       |       |     1 |       ||     1
       Bend Time         |       |       |       |     1 ||     1
       Slouch            |       |       |       |     1 ||     1
  Use: Scroll            |       |       |    19 |     9 ||    28
       Potion            |       |       |     4 |       ||     4
 Stab: Sleeping          |     1 |     2 |       |       ||     3
       Distracted        |       |     1 |       |       ||     1
Armor: Robe              |    46 |    24 |       |       ||    70
       Plate armour      |       |     7 |   202 |   350 ||   559
Dodge: Dodged            |    73 |    79 |   148 |   563 ||   863

Levels and vault maps discovered:
D:1:      lordsloth_arrival_two_stooges, layout_basic, basic_ecumenical_altar
D:2:      layout_basic, basic_altar, uniq_natasha
D:3:      layout_loops_ring
D:4:      layout_basic, gammafunk_temple_overflow_pools, amcnicky_altar_gilded,
          nicolae_ossuary_entry_plus
D:5:      layout_rooms, zin_purify, gammafunk_ghost_cemetery
D:6:      layout_cave_pools, minmay_temple_entry_grid,
          hellmonk_ghost_happy_afterlife, serial_rivers,
          chequers_serial_rivers_room_a, chequers_serial_rivers_micro_b,
          chequers_serial_rivers_small_a, chequers_serial_rivers_micro_a,
          chequers_serial_rivers_marsh
D:7:      layout_rooms, uniq_crazy_yiuf_cottage
D:8:      nicolae_cairo_tiling_large, layout_gridville, minmay_manual_mullet
D:9:      layout_small_grid, special_room [special_room_orc], lightli_minifort
D:10:     layout_long_grid, orc_0_dummy, minmay_fountain_box,
          kennysheep_generic_room_10, uniq_grum
D:11:     layout_roguey, due_lair_maze_entry_diamond, gauntlet_entry_generic,
          serial_demonic, serial_demonic_d, serial_demonic_d, serial_demonic_e,
          serial_demonic_f, serial_demonic_f, serial_demonic_g,
          serial_demonic_a, serial_demonic_b
D:12:     minmay_box_of_statues, layout_cave_pools, glass_columns_a,
          minmay_fractal_squares_diagonal_5

Notes
Turn   | Place    | Note
-------+----------+-------------------------------------------
     0 | D:1      | Sobieck the Vine Stalker Brigand began the quest for the
                  | Orb.
     0 | D:1      | Reached XP level 1. HP: 11/11 MP: 2/2
   167 | D:1      | Reached skill level 2 in Short Blades
   203 | D:1      | Reached skill level 1 in Dodging
   203 | D:1      | Reached XP level 2. HP: 13/15 MP: 1/3
   215 | D:1      | Reached skill level 5 in Stealth
   287 | D:1      | Found a faded altar of an unknown god.
   482 | D:1      | Reached skill level 2 in Fighting
   919 | D:2      | Noticed Natasha
   928 | D:2      | Noticed a crimson imp
   933 | D:2      | Noticed a crimson imp
   934 | D:2      | Killed Natasha
   935 | D:2      | Reached XP level 3. HP: 16/18 MP: 2/4
  1048 | D:2      | Found a snail-covered altar of Cheibriados.
  1068 | D:2      | Became a worshipper of Cheibriados the Contemplative
  1129 | D:2      | HP: 4/18 [jackal (1)]
  1130 | D:2      | Gained mutation: Your natural rate of healing is unusually
                  | fast. [Vine Stalker growth]
  1130 | D:2      | Reached XP level 4. HP: 5/23 MP: 2/5
  1242 | D:2      | Noticed Natasha
  1255 | D:2      | Killed Natasha
  1280 | D:2      | Noticed Natasha
  1297 | D:2      | Killed Natasha
  1298 | D:2      | Reached skill level 3 in Short Blades
  1456 | D:2      | Reached * piety under Cheibriados
  1457 | D:2      | Reached skill level 1 in Invocations
  1457 | D:2      | Reached XP level 5. HP: 23/27 MP: 4/6
  1952 | D:3      | You pick up a book of Sloth and begin reading...
  1952 | D:3      | You add the spells Petrify, Metabolic Englaciation and
                  | Statue Form to your library.
  2479 | D:4      | Found a bloodstained altar of Trog.
  2818 | D:4      | Noticed a black bear
  2841 | D:4      | Killed a black bear
  2842 | D:4      | Reached skill level 2 in Dodging
  2842 | D:4      | Reached XP level 6. HP: 16/32 MP: 2/8
  2876 | D:4      | Reached skill level 3 in Fighting
  2876 | D:4      | Reached skill level 2 in Invocations
  3061 | D:4      | Reached skill level 4 in Short Blades
  3187 | D:4      | Reached ** piety under Cheibriados
  3246 | D:4      | Reached skill level 6 in Stealth
  3305 | D:4      | Found a radiant altar of Vehumet.
  3306 | D:4      | Found a hazy altar of Hepliaklqana.
  3438 | D:5      | Entered Level 5 of the Dungeon
  3452 | D:5      | Reached XP level 7. HP: 32/36 MP: 7/9
  3593 | D:5      | Found Zin's Purification Station.
  3607 | D:5      | Found a glowing silver altar of Zin.
  3646 | D:5      | Bought a potion of curing for 90 gold pieces
  3772 | D:5      | Reached skill level 5 in Short Blades
  3772 | D:5      | Reached skill level 3 in Invocations
  3797 | D:5      | Reached skill level 3 in Dodging
  3801 | D:5      | Found a runed translucent gate.
  3801 | D:5      | Found a runed translucent gate.
  3801 | D:5      | Found a runed translucent gate.
  3807 | D:5      | Noticed dang3rdave's ghost (novice GrTm)
  3807 | D:5      | Noticed Yogidamonk's ghost (novice MiHu)
  3905 | D:5      | Gained mutation: You have razor-sharp teeth. [Vine Stalker
                  | growth]
  3905 | D:5      | Reached XP level 8. HP: 39/42 MP: 11/11
  3912 | D:5      | Identified the +6 hand axe "Grim" {elec, rElec}
  3998 | D:5      | Identified 2 scrolls of acquirement
  3998 | D:5      | Acquired the +2 pair of gloves of Ceucot {rElec rF++ rN+
                  | Dex-4}
  4007 | D:6      | Found a staircase to the Ecumenical Temple.
  4010 | D:5      | Acquired 983 gold pieces
  4122 | D:6      | Noticed a vampire
  4151 | D:6      | Killed a vampire
  4152 | D:6      | Reached skill level 4 in Fighting
  4282 | D:6      | Reached *** piety under Cheibriados
  4335 | D:6      | Reached skill level 6 in Short Blades
  4338 | D:6      | Reached skill level 4 in Invocations
  4369 | D:6      | Noticed Hubjo's ghost (novice DsTm)
  4372 | D:6      | Found a runed translucent door.
  4466 | D:6      | Reached skill level 4 in Dodging
  4466 | D:6      | Reached XP level 9. HP: 46/46 MP: 13/13
  4470 | D:6      | You pick up a book of Misfortune and begin reading...
  4470 | D:6      | You add the spells Confusing Touch, Yara's Violent
                  | Unravelling and Enfeeble to your library.
  4526 | D:6      | HP: 11/45 [gnoll/+0 spear (5)]
  4534 | D:6      | HP: 11/46 [wight/+2 hand axe of freezing (1)]
  4535 | D:6      | HP: 4/46 [gnoll/+0 spear (4)]
  4692 | D:6      | You pick up a book of Conjurations {@e2} and begin
                  | reading...
  4692 | D:6      | You add the spells Magic Dart, Searing Ray and Fulminant
                  | Prism to your library.
  4858 | D:6      | Reached skill level 7 in Short Blades
  4869 | D:6      | Reached skill level 5 in Fighting
  5019 | D:7      | Reached skill level 5 in Invocations
  5027 | D:7      | Reached **** piety under Cheibriados
  5192 | D:7      | Found a runed translucent door.
  5193 | D:7      | Noticed Crazy Yiuf
  5509 | D:8      | Noticed a hornet
  5521 | D:8      | Killed a hornet
  5716 | D:8      | You fall into a shaft and drop 3 floors!
  5738 | D:10     | Entered Level 10 of the Dungeon
  5781 | D:9      | Noticed a kobold demonologist
  5789 | D:9      | Killed a kobold demonologist
  5790 | D:9      | Reached skill level 8 in Short Blades
  5790 | D:9      | Reached skill level 5 in Dodging
  5795 | D:9      | Reached skill level 6 in Fighting
  5798 | D:9      | Reached XP level 10. HP: 51/53 MP: 14/14
  5911 | D:8      | You pick up a book of Spectacle and begin reading...
  5911 | D:8      | You add the spells Dazzling Flash, Iskenderun's Mystic
                  | Blast and Starburst to your library.
  6147 | D:8      | Reached skill level 9 in Short Blades
  6158 | D:8      | HP: 11/53 [komodo dragon (8)]
  6161 | D:8      | HP: 3/53 [komodo dragon (10)]
  6167 | D:8      | HP: 5/53 [komodo dragon (3)]
  6494 | D:9      | Identified the +7 falchion of Plog {venom, rElec rF+}
  6642 | D:9      | Reached ***** piety under Cheibriados
  6724 | D:9      | Reached skill level 7 in Fighting
  6748 | D:9      | Reached skill level 10 in Short Blades
  7048 | D:9      | Noticed a cyclops
  7054 | D:9      | Killed a cyclops
  7263 | D:10     | Reached skill level 8 in Fighting
  7353 | D:10     | Noticed a two-headed ogre
  7361 | D:10     | Killed a two-headed ogre
  7362 | D:10     | Reached XP level 11. HP: 60/60 MP: 15/15
  7437 | D:10     | Found a staircase to the Orcish Mines.
  7486 | D:10     | Reached skill level 7 in Stealth
  7722 | D:10     | Noticed Grum
  7754 | D:10     | Killed Grum
  7795 | D:10     | You pick up a book of Changes and begin reading...
  7795 | D:10     | You add the spells Beastly Appendage, Wereblood and Spider
                  | Form to your library.
  7877 | D:10     | Learned a level 2 spell: Wereblood
  7956 | D:10     | Noticed a two-headed ogre
  7968 | D:10     | Killed a two-headed ogre
  7969 | D:10     | Reached skill level 1 in Transmutations
  8147 | D:10     | HP: 14/60 [chaos spawn (6)]
  8152 | D:10     | HP: 15/60 [chaos spawn (2)]
  8153 | D:10     | Reached skill level 8 in Stealth
  8160 | D:10     | HP: 12/60 [chaos spawn (2)]
  8165 | D:10     | HP: 10/60 [chaos spawn (1)]
  8220 | D:11     | Noticed a two-headed ogre
  8233 | D:10     | Killed a two-headed ogre
  8234 | D:10     | Reached skill level 9 in Fighting
  8234 | D:10     | Reached skill level 2 in Transmutations
  8352 | D:11     | You are cast into the Abyss!
  8352 | Abyss:1  | Found a corrupted altar of Lugonu.
  8352 | Abyss:1  | Cast into level 1 of the Abyss (orc)
  8360 | D:11     | You pass through the gate.
  8360 | D:11     | Escaped the Abyss
  8390 | D:11     | Reached skill level 3 in Transmutations
  8396 | D:11     | Noticed a two-headed ogre
  8410 | D:11     | Killed a two-headed ogre
  8411 | D:11     | Reached skill level 11 in Short Blades
  8411 | D:11     | Reached skill level 9 in Stealth
  8466 | D:11     | Reached ****** piety under Cheibriados
  8498 | D:11     | Noticed a sun demon
  8513 | D:11     | Killed a sun demon
  8514 | D:11     | Reached skill level 4 in Transmutations
  8514 | D:11     | Reached XP level 12. HP: 48/67 MP: 13/16
  8899 | D:11     | Noticed a two-headed ogre
  8910 | D:11     | Killed a two-headed ogre
  8911 | D:11     | Reached skill level 10 in Stealth
  9005 | D:11     | Found a staircase to the Lair.
  9214 | D:12     | Reached skill level 5 in Transmutations
  9257 | D:12     | Reached skill level 10 in Fighting
  9257 | D:12     | Noticed a six-headed hydra
  9269 | D:12     | Killed a six-headed hydra
  9279 | D:12     | Noticed a five-headed hydra
  9285 | D:12     | Reached skill level 11 in Stealth
  9291 | D:12     | Killed a five-headed hydra
  9304 | D:12     | Reached skill level 12 in Short Blades
  9321 | D:12     | HP: 15/67 [manticore (7)]
  9323 | D:12     | HP: 6/67 [manticore (2)]
  9323 | D:12     | HP: 2/67 [manticore (4)]
  9326 | D:12     | Slain by a wraith

Vanquished Creatures
  2 hydras (D:12)
  5 two-headed ogres
  A sun demon (D:11)
  3 ugly things (D:12)
  3 manticores (D:12)
  A cyclops (D:9)
  2 smoke demons
  A rust devil (D:10)
  An orange demon (D:11)
  A kobold demonologist (D:9)
  2 komodo dragons
  4 hellwings
  A red devil (D:11)
  3 trolls
  A hornet (D:8)
  A slime creature (D:8)
  A ynoxinul (D:11)
  5 shadows
  7 yaks
  2 wraiths
  A vampire (D:6)
  Grum (D:10)
  2 neqoxecs (D:11)
  A vampire mosquito (D:12)
  2 chaos spawn (D:10)
  4 water moccasins
  7 black bears
  3 orc warriors
  2 sky beasts (D:6)
  2 ogres
  2 wolves (D:10)
  3 centaurs (D:9)
  3 kobold brigands
  4 bullfrogs
  3 gnoll sergeants
  2 necrophages (D:5)
  2 scorpions
  12 wights
  4 killer bees
  An electric eel (D:9)
  7 howler monkeys
  4 quasits (D:11)
  2 hounds
  3 jellies
  4 orc priests
  A gnoll bouda (D:8)
  5 iguanas
  13 orc wizards
  Natasha (thrice) (D:2)
  4 adders
  27 gnolls
  A shadow imp (D:6)
  A white imp (D:7)
  A dart slug (D:1)
  51 orcs
  A ball python (D:4)
  2 bats (D:1)
  11 endoplasms
  3 giant cockroaches
  9 goblins
  2 hobgoblins
  8 jackals
  4 quokkas
  6 frilled lizards
  13 kobolds
  5 rats
299 creatures vanquished.

Vanquished Creatures (others)
  4 demonic plants (D:11)
  34 fungi (D:11)
  48 plants (D:11)
  4 withered plants (D:5)
90 creatures vanquished.

Grand Total: 389 creatures vanquished

Table legend:
 A = Non-vault XP
 B = Vault XP
 C = Vault XP percentage of total XP
 D = Non-vault monster count
 E = Vault monster count
 F = Vault count percentage of total count
                 A         B        C        D         E       F
            +---------+---------+-------+---------+---------+-------
      Total |   19182 |    9526 |  33.2 |     232 |      67 |  22.4
            +---------+---------+-------+---------+---------+-------
        D:1 |      28 |       0 |   0.0 |      15 |       0 |   0.0
        D:2 |     117 |      35 |  23.0 |      22 |       1 |   4.3
        D:3 |      36 |       0 |   0.0 |      14 |       0 |   0.0
        D:4 |     346 |       0 |   0.0 |      18 |       0 |   0.0
        D:5 |     659 |       0 |   0.0 |      12 |       0 |   0.0
        D:6 |    2008 |       0 |   0.0 |      32 |       0 |   0.0
        D:7 |     335 |       0 |   0.0 |      19 |       0 |   0.0
        D:8 |     928 |     826 |  47.1 |      19 |       5 |  20.8
        D:9 |    2180 |     865 |  28.4 |      28 |      26 |  48.1
       D:10 |    4027 |    2087 |  34.1 |      20 |       9 |  31.0
       D:11 |    3048 |    5245 |  63.2 |      23 |      24 |  51.1
       D:12 |    5470 |     468 |   7.9 |      10 |       2 |  16.7
            +---------+---------+-------+---------+---------+-------

Illustrated notes

Table legend:
 A = Kills in this place as a percentage of kills in entire the game.
 B = Kills by you in this place as a percentage of kills by you in the entire game.
 C = Kills by friends in this place as a percentage of kills by friends in the entire game.
 D = Other kills in this place as a percentage of other kills in the entire game.
 E = Experience gained in this place as a percentage of experience gained in the entire game.
 F = Experience gained in this place divided by the number of levels of this place that you have seen.
                   A       B       C       D       E      F
               +-------+-------+-------+-------+-------+----------------------
         Total | 100.0 | 100.0 |   N/A |   N/A | 100.0 | 2208.3
       Dungeon | 100.0 | 100.0 |   N/A |   N/A | 100.0 | 2392.3
               +-------+-------+-------+-------+-------+----------------------

Table legend: (Time is in decaauts)
 A = Elapsed time spent in this place.
 B = Non-inter-level travel time spent in this place.
 C = Inter-level travel time spent in this place.
 D = Time resting spent in this place.
 E = Time spent auto-exploring this place.
 F = Levels seen in this place.
 G = Mean time per level.
                   A        B        C        D        E       F      G
               +--------+--------+--------+--------+--------+-----+--------+
         Total |  12884 |  12299 |    585 |    267 |   9830 |  13 |  991.1 |
       Dungeon |  12870 |  12285 |    585 |    267 |   9830 |  12 | 1072.5 |
         Abyss |     14 |     14 |      0 |      0 |      0 |   1 |   14.0 |
               +--------+--------+--------+--------+--------+-----+--------+

Top non-repeatable levels by time:
    D:10: 1578 daAuts
     D:9: 1395 daAuts
    D:11: 1392 daAuts
     D:8: 1357 daAuts
     D:4: 1309 daAuts
     D:2: 1186 daAuts
     D:6: 1129 daAuts
     D:1: 920 daAuts
     D:7: 868 daAuts
     D:5: 845 daAuts
     D:3: 762 daAuts
    D:12: 124 daAuts
 Abyss:1: 14 daAuts
